 Dungeon Crawl Stone Soup version 0.28-a0-533-g9f97627e2a (webtiles) character file.

Game seed: 1232483648228326982

898 Conn the Firebug (level 8, -1/48 HPs)
             Began as an Octopode Fire Elementalist on Sept 25, 2021.
             Was a Follower of Sif Muna.
             Slain by a vampire (7 damage)
             ... on level 5 of the Dungeon.
             The game lasted 00:11:56 (4941 turns).

Conn the Firebug (Octopode Fire Elementalist)       Turns: 4941, Time: 00:11:59

Health: -1/48      AC:  1    Str:  7    XL:     8   Next: 7%
Magic:  10/23      EV: 13    Int: 19    God:    Sif Muna [*.....]
Gold:   307        SH:  0    Dex: 13    Spells: 4/15 levels left

rFire   . . .      SeeInvis .   b - +2 dagger (pain)
rCold   . . .      Faith    .   (no shield)
rNeg    . . .      Spirit   .   (helmet restricted)
rPois   .          Reflect  .   (no amulet)
rElec   .          Harm     .   g - ring of magical power
rCorr   .          Rampage  .   (no ring)
Will    .....                   (no ring)
Stlth   ++++......              (no ring)
HPRegen 0.16/turn               (no ring)
MPRegen 0.18/turn               (no ring)
                                (no ring)
                                (no ring)

@: very slightly contaminated
A: almost no armour, amphibious, 8 rings, camouflage 1, gelatinous body 1,
(nimble swimmer 1), tentacles
a: Renounce Religion, Channel Magic


You were on level 5 of the Dungeon.
You worshipped Sif Muna.
Sif Muna was aware of your devotion.
You visited 1 branch of the dungeon, and saw 5 of its levels.

You collected 307 gold pieces.

Inventory:

Hand Weapons
 a - a +0 short sword
 b - a +2 dagger of pain (weapon)
Missiles
 q - a curare-tipped dart
Jewellery
 g - a ring of magical power (left tentacle)
Scrolls
 c - 6 scrolls of identify {unknown}
 e - 2 scrolls of noise {unknown}
 f - 2 scrolls of fear {unknown}
 k - 2 scrolls of teleportation {unknown}
 m - a scroll of summoning {unknown}
Potions
 h - a potion of ambrosia {unknown}
 i - a potion of might {unknown}
 j - a potion of cancellation {unknown}
 l - a potion of invisibility {unknown}
 n - a potion of degeneration {unknown}
 o - a potion of lignification {unknown}
 p - a potion of haste {unknown}


   Skills:
 + Level 1.1 Fighting
 + Level 1.9 Short Blades
 + Level 2.7 Dodging
 + Level 4.9 Stealth
 + Level 4.4 Spellcasting
 + Level 3.5 Conjurations
 + Level 0.8 Hexes
 + Level 5.7 Fire Magic


You had 4 spell levels left.
You knew the following spells:

 Your Spells              Type           Power      Damage    Failure   Level
a - Foxfire               Conj/Fire      88%        2x1d8     1%          1
b - Conjure Flame         Conj/Fire      22%        6-21      6%          3
c - Inner Flame           Hex/Fire       16%        N/A       11%         3
d - Flame Wave            Conj/Fire      22%        3d6       19%         4

Your spell library contained the following spells:

 Spells                   Type           Power      Damage    Failure   Level
 Scorch                   Fire           52%        2d7       1%          2
 Passwall                 Tmut/Erth      3%         N/A       21%         2
 Swiftness                Air            4%         N/A       36%         3
 Invisibility             Hex            3%         N/A       100%        6


Dungeon Overview and Level Annotations

Branches:
Dungeon (5/15)
 Temple: D:4-7

Altars:
Sif Muna

Shops:
D:5 =


Innate Abilities, Weirdness & Mutations

You cannot wear most types of armour.
You are amphibious.
You can wear up to eight rings at the same time.
Your skin changes colour to match your surroundings (Stealth+).
Your rubbery body absorbs attacks. (AC +1, EV +1)
((You are camouflaged near water. (Stealth+)))
You have tentacles for arms and can constrict up to eight enemies at once.


Message History

(Press . to intensify the flame waves.)
Something hits you! Something bites you but does no damage.
Unknown command.
A wave of flame ripples out!
The flame wave engulfs something.
Something hits you. Something bites you.
Something draws strength from your injuries!
A wave of flame ripples out!
The flame wave engulfs something.
You finish channelling waves of flame.
Something barely misses you. Something bites you!
* * * LOW HITPOINT WARNING * * *
Something draws strength from your injuries!
Okay, then.
Unknown command.
Casting: Flame Wave (quite dangerous; 19% risk of failure)
Confirm with . or Enter, or press ? or * to list all spells.
The spell is quite dangerous to cast (19% risk of failure)!
Continue anyway?
Casting: Flame Wave (quite dangerous; 19% risk of failure)
Press: ? - help, Dir - look around, f - activate You miscast Flame Wave.
You are very lightly contaminated with residual magic.
There is a sudden and violent explosion of flames!
* * * LOW HITPOINT WARNING * * *
Something completely misses you. Something barely misses you.
Okay, then.
Okay, then.
Okay, then.
You hear some strange, mumbled words.
You are confused.
You feel better.
Casting: Flame Wave (quite dangerous; 19% risk of failure)
Confirm with . or Enter, or press ? or * to list all spells.
The spell is quite dangerous to cast (19% risk of failure)!
Continue anyway?
Casting: Flame Wave (quite dangerous; 19% risk of failure)
Press: ? - help, Dir - look around, f - activate A wave of flame ripples out!
The flame wave engulfs something! (Press . to intensify the flame waves.)
Something hits you.
* * * LOW HITPOINT WARNING * * *
Something bites you!
You die...

#.#...# ####### ##.##.# ......#
#####.##.#
###.#.###########........#
#.#.##..............##.#
##...##.########.######.#
#.###.#.##.......# #.# #.#
#.#.##.############.#
#.###..........@.....##.########
##...##.##.#########.##.........
##.###.##.# #.##......### #.#
#.##.### #.#########
####.###^.....# #.#
............#.# #......#
.###.########.# #......# .# #.#
#.# #......# .# #.# #.# ##.....#


There were no monsters in sight!

Vanquished Creatures
  Grinder (D:4)
  2 ogres
  A kobold brigand (D:5)
  A scorpion (D:5)
  A water moccasin zombie (D:5)
  A centaur zombie (D:5)
  An orc priest (D:5)
  2 iguanas
  An orc wizard (D:5)
  6 gnolls
  8 adders
  An ufetubus (D:4)
  3 worms
  5 dart slugs
  2 orcs
  A bat (D:1)
  7 endoplasms
  5 giant cockroaches
  6 goblins
  2 hobgoblins
  2 jackals (D:3)
  14 kobolds
  A quokka (D:4)
  9 ball pythons
  A frilled lizard (D:1)
  3 rats
87 creatures vanquished.

Vanquished Creatures (others)
  258 foxfires
258 creatures vanquished.

Grand Total: 345 creatures vanquished

Notes
Turn   | Place    | Note
-------+----------+-------------------------------------------
     0 | D:1      | Conn the Octopode Fire Elementalist began the quest for the
                  | Orb.
     0 | D:1      | Reached XP level 1. HP: 11/11 MP: 3/3
   604 | D:1      | Reached XP level 2. HP: 15/17 MP: 0/5
   852 | D:1      | Found a faded altar of an unknown god.
  1484 | D:2      | Reached XP level 3. HP: 21/21 MP: 4/6
  2178 | D:3      | Reached skill level 1 in Short Blades
  2178 | D:3      | Reached XP level 4. HP: 27/27 MP: 1/7
  2258 | D:3      | Reached skill level 4 in Fire Magic
  2317 | D:3      | You fall into a shaft and drop 2 floors!
  2317 | D:5      | Entered Level 5 of the Dungeon
  2453 | D:4      | Reached XP level 5. HP: 10/31 MP: 0/9
  2756 | D:4      | Found a shimmering blue altar of Sif Muna.
  2768 | D:4      | Became a worshipper of Sif Muna the Loreminder
  2909 | D:4      | Noticed an ogre
  2919 | D:4      | Killed an ogre
  2920 | D:4      | Reached XP level 6. HP: 37/37 MP: 3/10
  3715 | D:4      | Noticed Grinder
  3726 | D:4      | Learned a level 3 spell: Conjure Flame
  3730 | D:4      | Learned a level 3 spell: Inner Flame
  3735 | D:4      | Learned a level 4 spell: Flame Wave
  3800 | D:4      | Killed Grinder
  3801 | D:4      | Reached skill level 5 in Fire Magic
  3801 | D:4      | Reached XP level 7. HP: 42/42 MP: 12/12
  4369 | D:5      | Found Zotiv's Jewellery Shop.
  4439 | D:5      | Reached skill level 1 in Fighting
  4593 | D:5      | Reached XP level 8. HP: 26/48 MP: 14/14
  4818 | D:5      | Reached * piety under Sif Muna
  4922 | D:5      | Noticed a vampire
  4941 | D:5      | Slain by a vampire

Illustrated notes

Levels and vault maps discovered:
D:1:      saegor_arrival_under_anarchy, layout_basic,
          shapermc_ecumenical_altar_hornbeckon
D:2:      layout_rooms
D:3:      layout_rooms
D:4:      cheibrodos_old_hovel, layout_rooms, amcnicky_altar_gilded,
          uniq_grinder
D:5:      layout_loops_ring, gup_sewer_entry_glass, serial_shops,
          nicolae_inconvenience_store

Skill      XL: |  1  2  3  4  5  6  7 |
---------------+----------------------+-----
Short Blades   | 1 |  1.9
Fire Magic     | 4 5 |  5.7
Stealth        | 3 4 |  4.9
Spellcasting   | 3 4 |  4.4
Conjurations   | 2 3 |  3.5
Fighting       | 1 |  1.1
Dodging        | |  2.7
Hexes          | |  0.8

Action                   |  1- 3 |  4- 6 |  7- 9 || total
-------------------------+-------+-------+-------++-------
Melee: Short sword       |     7 |       |       ||     7
       Dagger            |    15 |    24 |    19 ||    58
       Tentacles         |     1 |     2 |     3 ||     6
       Constrict         |     4 |     5 |     2 ||    11
 Cast: Foxfire           |    41 |    72 |    37 ||   150
       Inner Flame       |       |     1 |     5 ||     6
       Flame Wave        |       |       |     3 ||     3
       Conjure Flame     |       |       |     1 ||     1
  Use: Potion            |       |       |     2 ||     2
 Stab: Sleeping          |     1 |     3 |       ||     4
Armor: Skin              |     1 |     2 |     6 ||     9
Dodge: Dodged            |    14 |    13 |    35 ||    62

Table legend: (Time is in decaauts)
 A = Elapsed time spent in this place.
 B = Non-inter-level travel time spent in this place.
 C = Inter-level travel time spent in this place.
 D = Time resting spent in this place.
 E = Time spent auto-exploring this place.
 F = Levels seen in this place.
 G = Mean time per level.
                   A        B        C        D        E       F      G
               +--------+--------+--------+--------+--------+-----+--------+
         Total |   4937 |   4863 |     74 |    630 |   3287 |   5 |  987.4 |
       Dungeon |   4937 |   4863 |     74 |    630 |   3287 |   5 |  987.4 |
               +--------+--------+--------+--------+--------+-----+--------+

Top non-repeatable levels by time:
     D:1: 1367 daAuts
     D:4: 1101 daAuts
     D:5: 993 daAuts
     D:3: 840 daAuts
     D:2: 634 daAuts
